 Dungeon Crawl Stone Soup version 0.21-a0-210-gbfa5647 (webtiles) character file.

1125 Gorglomux the Cleaver (level 8, -1/66 HPs)
             Began as a Hill Orc Abyssal Knight on Aug 21, 2017.
             Was a Priest of Lugonu.
             Slain by a yak (13 damage)
             ... on level 5 of the Dungeon.
             The game lasted 00:11:06 (6492 turns).

Gorglomux the Cleaver (Hill Orc Abyssal Knight)     Turns: 6492, Time: 00:11:06

Health: -1/66      AC:  5    Str: 17    XL:     8   Next: 35%
Magic:  3/3        EV: 10    Int: 12    God:    Lugonu [***...]
Gold:   237        SH:  2    Dex: 10    Spells: 7/7 levels left

rFire    . . .     SeeInvis .   b - +2 war axe (antimagic)
rCold    . . .     Gourm    .   (no shield)
rNeg     . . .     Faith    .   i - +0 ring mail
rPois    .         Spirit   .   (no helmet)
rElec    .         Reflect  +   W - scarf {repulsion}
rCorr    .         Harm     .   (no gloves)
MR       .....                  (no boots)
Stlth    ..........             P - +2 amulet of reflection
HPRegen  0.21/turn              (no ring)
MPRegen  0.08/turn              (no ring)

@: repel missiles
A: no striking features
a: Depart the Abyss, Bend Space, Banish, Renounce Religion


You were on level 5 of the Dungeon.
You worshipped Lugonu.
Lugonu was most pleased with you.
You were very hungry.

You visited 1 branch of the dungeon, and saw 6 of its levels.
You visited the Abyss 1 time.
You also visited: Sewer.

You collected 237 gold pieces.

Inventory:

Hand Weapons
 a - a +2 dagger of venom
 b - a +2 antimagic war axe (weapon)
 H - a +1 hand axe
Missiles
 Z - a throwing net (quivered)
Armour
 i - a +0 ring mail (worn)
 W - a scarf of repulsion (worn)
 Y - a scarf of cloud immunity
Jewellery
 P - a +2 amulet of reflection (around neck)
Wands
 A - a wand of acid (9/15)
 C - a wand of confusion (15/48)
Scrolls
 e - 3 scrolls of remove curse
 B - a scroll of blinking
 J - a scroll of noise {unknown}
 L - a scroll of fear
 M - a scroll of magic mapping
 N - a scroll of holy word {unknown}
 O - a scroll of recharging {unknown}
 U - a scroll of fog {unknown}
 X - a scroll of teleportation {unknown}
Potions
 d - a potion of ambrosia
 f - 3 potions of mutation {!q}
 I - a potion of lignification {unknown}
 Q - a potion of curing
 S - 2 potions of agility {unknown}
 T - 3 potions of cancellation
 V - 2 potions of brilliance {unknown}
Comestibles
 c - 6 bread rations
 z - 2 meat rations
 K - 4 fruits


   Skills:
 + Level 4.2 Fighting
 + Level 11.9 Axes
 + Level 2.9 Armour
 - Level 0.7 Dodging
 + Level 3.1 Invocations


You had 7 spell levels left.
You didn't know any spells.

Dungeon Overview and Level Annotations

Branches:
Dungeon (6/15)             Temple (0/1) D:5

Altars:
Dithmenos
Gozag
Nemelex Xobeh
Ru
Xom

Annotations:
D:5 exclusion: oklob sapling


Message History

Unknown command!
You don't have enough health at the moment!
Butt feel much better!
The yak closely misses you! The yak gores you!!! * * * don't die
* * * You shave the yak!!!
The yak is heavily wounded!
You closely miss the yak! You block the yak's attack!
The yak closely misses you!
Unknown command!
You shave the yak!!!
The yak is severely wounded!
You shave the yak but do no damage!
The yak gores you! * * * don't die
* * * You block the yak's attack!
You shave the yak!!!
The yak is almost dead!
You completely miss the yak! The yak gores you! * * * don't die
* * * The yak gores you!!! rip

...##.#####.##.##.#
....#.# #.##.##.#
...##.# #.##.##.#
......# #.##.##.#
#.##### #.##.##.#
#.# #.......# #'##
####.#### ...##
#####.##### ....##
#.....Y@Y.#
.....#####.#######.#
......##...# #.#
......'....# #.#
......##.#.# #.#
.....###.#.# #.#
....## #.#.# #.#
...## #...#######.#
#'########......(..#


You could see 2 yaks.

Vanquished Creatures
  A yak (D:6)
  2 centaurs (D:5)
  A crocodile (Sewer)
  A bullfrog (D:6)
  A scorpion (D:4)
  A howler monkey (D:5)
  A crimson imp (D:5)
  A bullfrog zombie (D:6)
  2 centaur skeletons
  3 hounds
  An orc priest (D:4)
  An orc wizard (D:6)
  3 worker ants
  A hound skeleton (D:4)
  8 adders
  4 river rats (D:6)
  An adder skeleton (D:5)
  8 worms
  10 orcs
  3 ball pythons
  6 goblins
  7 hobgoblins
  16 jackals
  2 quokkas
  11 bats
  3 frilled lizards
  11 kobolds
  10 rats
  2 plants (D:5)
122 creatures vanquished.

Notes
Turn   | Place    | Note
-------+----------+-------------------------------------------
     0 | Abyss:1  | Gorglomux the Hill Orc Abyssal Knight began the quest for the Orb.
     0 | Abyss:1  | Reached XP level 1. HP: 19/19 MP: 2/2
    55 | Abyss:1  | Noticed an orange demon
    72 | Abyss:2  | Noticed a dire elephant simulacrum
    72 | Abyss:2  | Noticed a wretched star
   100 | D:1      | Escaped the Abyss
   360 | D:1      | Reached skill level 3 in Axes
   370 | D:1      | Reached * piety under Lugonu
   456 | D:1      | Reached XP level 2. HP: 25/26 MP: 3/3
   699 | D:1      | Found a sparkling altar of Nemelex Xobeh.
   762 | D:1      | Reached skill level 4 in Axes
  1198 | D:2      | Reached XP level 3. HP: 30/31 MP: 4/4
  1256 | D:2      | Found a shimmering altar of Xom.
  1347 | D:2      | Reached skill level 5 in Axes
  1590 | D:2      | Reached ** piety under Lugonu
  1868 | D:2      | Reached XP level 4. HP: 38/39 MP: 5/5
  2256 | D:3      | Reached skill level 6 in Axes
  2260 | D:3      | Found an opulent altar of Gozag.
  2450 | D:3      | Reached XP level 5. HP: 29/45 MP: 1/6
  2595 | D:3      | Found a shadowy altar of Dithmenos.
  2848 | D:4      | Reached skill level 7 in Axes
  3088 | D:4      | Reached skill level 8 in Axes
  3088 | D:4      | Reached XP level 6. HP: 49/51 MP: 7/7
  3493 | D:4      | Found a sacrificial altar of Ru.
  3989 | D:5      | Entered Level 5 of the Dungeon
  4018 | D:5      | Reached skill level 9 in Axes
  4195 | D:5      | Found a staircase to the Ecumenical Temple.
  4282 | D:5      | Reached XP level 7. HP: 14/57 MP: 8/8
  4812 | D:5      | Reached skill level 10 in Axes
  5402 | D:6      | Reached *** piety under Lugonu
  5402 | D:6      | Reached skill level 11 in Axes
  5580 | D:6      | Reached XP level 8. HP: 64/64 MP: 3/9
  5620 | D:6      | Found a glowing drain.
  5638 | Sewer    | Entered a sewer
  6156 | D:6      | Noticed a yak
  6160 | D:6      | Noticed a yak
  6162 | D:6      | Noticed a yak
  6163 | D:6      | Noticed a yak
  6177 | D:6      | Killed a yak
  6177 | D:6      | Reached skill level 3 in Invocations
  6487 | D:6      | HP: 2/66 [yak (16)]
  6492 | D:5      | Slain by a yak

Vault maps used:
D:1:      elethiomel_arrival_maze, serial_glass, glass_columns_b,
          glass_columns_b, minmay_strange_pillars, minmay_strange_pillars,
          nemelex_xobeh_ov_fountains_minmay
D:2:      brannock_xom_greatest_gift
D:3:      grunt_dithmenos_smoke, marbit_many_paths
D:4:      first_bread, nicolae_ru_sacrificial_ziggurat
D:5:      minmay_temple_entry_oklob
D:6:      zin_scriptorium, lightli_sewer_entry_pipes
Abyss:2:  minivault_28
Sewer:    sewer_the_crocodile

Skill      XL: |  1  2  3  4  5  6  7  8 |
---------------+-------------------------+-----
Axes           | 3 4 5 6 8 9 11 | 11.9
Fighting       | 4 |  4.2
Invocations    | 3 |  3.1
Armour         | |  2.9
Dodging        | |  0.7

Action                   |  1- 3 |  4- 6 |  7- 9 || total
-------------------------+-------+-------+-------++-------
Melee: Hand axe          |   125 |    13 |       ||   138
       War axe           |       |    34 |    65 ||    99
       Dagger            |       |   162 |   101 ||   263
Invok: Depart the Abyss  |     1 |       |       ||     1
       Bend Space        |       |       |     1 ||     1
  Use: Scroll            |     4 |     1 |     8 ||    13
       Potion            |       |       |     1 ||     1
  Eat: Chunk             |     3 |     8 |     6 ||    17
Armor: Ring mail         |    44 |    69 |    46 ||   159
       Leather armour    |     1 |       |       ||     1
Dodge: Dodged            |    81 |   105 |    76 ||   262
       Deflected         |       |     2 |     1 ||     3
Block: Other             |       |    13 |    12 ||    25

Table legend:
 A = Spawn XP
 B = Non-spawn XP
 C = Spawn XP percentage of total XP
 D = Spawn monster count
 E = Non-spawn monster count
 F = Spawn count percentage of total count
 G = Total turns spent on level
                    A         B        C        D         E        F      G
               +---------+---------+-------+---------+---------+-------+---------
         Total |     164 |    1444 |  10.2 |      20 |     100 |  16.7 |  6492
               +---------+---------+-------+---------+---------+-------+---------
           D:1 |       2 |      24 |   7.7 |       1 |      17 |   5.6 |  1071
           D:2 |      19 |      53 |  26.4 |       7 |      18 |  28.0 |   986
           D:3 |      27 |      52 |  34.2 |       3 |      18 |  14.3 |   654
           D:4 |      66 |     221 |  23.0 |       6 |      16 |  27.3 |  1178
           D:5 |      50 |     412 |  10.8 |       3 |       9 |  25.0 |  1649
           D:6 |       0 |     569 |   0.0 |       0 |      16 |   0.0 |   371
         Sewer |       0 |     113 |   0.0 |       0 |       6 |   0.0 |   483
               +---------+---------+-------+---------+---------+-------+---------
